 Dungeon Crawl Stone Soup version 0.25-a0-670-g50981ef (webtiles) character file.

Game seed: 15871756248995759715, levelgen mode: deterministic

4580 Faca the Fighter (level 10, -1/129 HPs)
             Began as a Human Fighter on Mar 29, 2020.
             Was a Priest of Okawaru.
             Slain by an orc warrior
             ... wielding a +0 long sword
              (15 damage)
             ... on level 9 of the Dungeon.
             The game lasted 00:25:12 (13361 turns).

Faca the Fighter (Human Fighter)                   Turns: 13361, Time: 00:25:12

Health: -1/129     AC: 11    Str: 20    XL:     10   Next: 68%
Magic:  10/10      EV:  5    Int:  9    God:    Okawaru [***...]
Gold:   696        SH:  0    Dex: 12    Spells: 9/9 levels left

rFire    . . .     SeeInvis .   H - +3 long sword
rCold    . . .     Gourm    .   c - +1 kite shield
rNeg     . . .     Faith    +   e - +0 chain mail
rPois    .         Spirit   .   i - +1 helmet
rElec    .         Reflect  .   (no cloak)
rCorr    .         Harm     .   (no gloves)
MR       .....                  (no boots)
Stlth    ..........             v - amulet of faith
HPRegen  0.31/turn              (no ring)
MPRegen  0.12/turn              (no ring)

@: confused, berserking (expiring), studying Long Blades, very quick
A: no striking features
a: Heroism, Renounce Religion


You were on level 9 of the Dungeon.
You worshipped Okawaru.
Okawaru was most pleased with you.
You were not hungry.

You visited 1 branch of the dungeon, and saw 10 of its levels.

You collected 696 gold pieces.

Inventory:

Hand Weapons
 q - a +2 short sword of venom
 H - a +3 long sword (weapon)
Missiles
 p - 2 javelins (quivered)
 A - 3 boomerangs
Armour
 c - a +1 kite shield (worn)
 e - a +0 chain mail (worn)
 i - a +1 helmet (worn)
Jewellery
 a - an uncursed amulet of rage {unknown}
 v - an amulet of faith (around neck)
 w - a +3 amulet of reflection {unknown}
Wands
 k - a wand of polymorph (6)
 m - a wand of flame (8)
 n - a wand of paralysis (3)
 s - a wand of iceblast (9)
 F - a wand of acid (12)
Scrolls
 d - 5 scrolls of remove curse
 o - 6 scrolls of teleportation
 t - a scroll of enchant armour
 y - 2 scrolls of enchant weapon
 z - a scroll of blinking
 B - a scroll of fear
Potions
 b - 2 potions of mutation
 g - 2 potions of might
 h - 4 potions of invisibility
 j - 2 potions of flight
 l - 2 potions of resistance
 u - a potion of haste
 J - 2 potions of experience {unknown}
Books
 C - a manual of Long Blades
Comestibles
 f - 21 rations
 D - 6 chunks of flesh


   Skills:
 + Level 10.9 Fighting
 + Level 10.9 Long Blades
 - Level 3.0 Armour
 - Level 3.0 Shields


You had 9 spell levels left.
You didn't know any spells.
Your spell library contained the following spells:

 Spells                   Type           Power        Failure   Level  Hunger
 Corona                   Hex            #......      100%        1    ##.....
 Slow                     Hex            #.......     100%        2    ###....
 Confusing Touch          Hex            #.......     100%        3    ####...
 Gell's Gravitas          Tloc           #.........   100%        3    ####...
 Inner Flame              Hex/Fire       #.......     100%        3    ####...
 Portal Projectile        Hex/Tloc       #.....       100%        3    ####...
 Cause Fear               Hex            #.........   100%        4    #####..
 Leda's Liquefaction      Hex/Erth       #.........   100%        4    #####..
 Petrify                  Tmut/Erth      #.......     100%        4    #####..
 Metabolic Englaciation   Hex/Ice        #.........   100%        5    ######.
 Yara's Violent Unravell  Hex/Tmut       #.........   100%        5    ######.


Dungeon Overview and Level Annotations

Branches:
Dungeon (10/15)            Temple (0/1) D:5
   Lair: D:8-11         Orc: D:9-12

Altars:
Dithmenos
Fedhas
Gozag
Kikubaaqudgha
Nemelex Xobeh
Okawaru
Qazlal
Ru
Trog
Uskayaw
Xom
Yredelemnul
The Shining One

Annotations:
D:3 1 runed translucent door, BlueFish's ghost, amateur OpAs
D:9 2 transporters


Message History

Unknown command.
A red film seems to cover your vision as you go berserk!
You feel yourself moving faster!
You feel mighty!
The orc warrior hits you with a +0 long sword!
* * * LOW HITPOINT WARNING * * *
Something hits you.
* * * LOW HITPOINT WARNING * * *
You bump into the rock wall.
You feel a strong urge to attack something.
Your shield and chain mail prevent you from hitting the orc warrior.
The orc warrior is severely wounded.
Something hits you but does no damage.
The orc warrior hits you with a +0 long sword.
* * * LOW HITPOINT WARNING * * *
You bump into the rock wall.
You hear some strange, mumbled words.
You are more confused.
You barely miss something.
The orc warrior hits you with a +0 long sword!
You die...

.....######...#..#### #.#
#(# ..####
##.##..######.###.#####
..# #.............##......
..# ####..#####...########
..# ########..#
#.......###### ..#
#.....[...###....>....#.(.
..#
#.#####.............#.#.##
..######.#
#.###.###...###.#)#
.........#
#.#@o...........#.#
##########
#.#{#.###...#####.# #
##### #..o..# ##.## #.# #
#...# ###.### #.# #.# #
#.#.# #.# #.# #.## #
####.#.#### #.# #)## #...
###....#....# #.# #).#
#### ....#######.# #.#
##.# ###>...#....####.#
#.#


You could see an orc warrior and an orc.

Vanquished Creatures
  Psyche (D:8)
  4 yaks
  Menkaure (D:4)
  2 soldier ants (D:8)
  Duvessa (D:4)
  An ice beast (D:6)
  A sky beast (D:5)
  An ogre (D:6)
  3 orc warriors
  5 black bears
  2 centaurs
  A big kobold (D:7)
  3 bullfrogs
  Dowan (D:4)
  2 scorpions (D:5)
  3 killer bees (D:9)
  3 wights (D:9)
  A howler monkey (D:5)
  2 crimson imps
  2 jellies (D:9)
  7 orc priests
  2 centaur skeletons (D:6)
  3 hounds
  7 orc wizards
  A bullfrog skeleton (D:6)
  Natasha (thrice) (D:3)
  9 worker ants
  A killer bee zombie (D:7)
  A worker ant zombie (D:2)
  Robin (D:3)
  3 gnolls
  17 adders
  2 shadow imps (D:6)
  An ooze (D:6)
  3 adder zombies
  An adder skeleton (D:6)
  3 worms
  3 dart slugs
  5 leopard geckos
  16 orcs
  6 giant cockroaches
  19 goblins
  5 hobgoblins
  3 jackals (D:1)
  21 kobolds
  4 quokkas
  3 ball pythons
  14 bats
  5 frilled lizards
  2 jackal zombies
  A quokka skeleton (D:10)
  5 rats
217 creatures vanquished.

Vanquished Creatures (others)
  5 fungi (D:10)
5 creatures vanquished.

Grand Total: 222 creatures vanquished

Notes
Turn   | Place    | Note
-------+----------+-------------------------------------------
     0 | D:1      | Faca the Human Fighter began the quest for the Orb.
     0 | D:1      | Reached XP level 1. HP: 18/18 MP: 1/1
    78 | D:1      | Reached XP level 2. HP: 5/24 MP: 2/2
   634 | D:1      | Reached XP level 3. HP: 23/29 MP: 3/3
  1076 | D:1      | Reached XP level 4. HP: 37/37 MP: 4/4
  1720 | D:2      | Reached XP level 5. HP: 26/42 MP: 5/5
  2232 | D:3      | Found a blossoming altar of Fedhas.
  2232 | D:3      | Found a shimmering altar of Xom.
  2255 | D:3      | Noticed Robin
  2451 | D:3      | Killed Robin
  3021 | D:3      | Found a runed translucent door.
  3047 | D:3      | Noticed BlueFish's ghost (amateur OpAs)
  3124 | D:3      | Noticed Natasha
  3146 | D:3      | Killed Natasha
  3146 | D:3      | Reached XP level 6. HP: 43/50 MP: 6/6
  3282 | D:4      | Reached skill level 5 in Fighting
  3425 | D:3      | Noticed Natasha
  3430 | D:3      | Killed Natasha
  3441 | D:3      | Noticed Natasha
  3447 | D:3      | Killed Natasha
  3619 | D:4      | Noticed Menkaure
  3628 | D:4      | Killed Menkaure
  3628 | D:4      | Reached skill level 5 in Long Blades
  3628 | D:4      | Reached XP level 7. HP: 39/57 MP: 7/7
  4684 | D:4      | Found a hide-covered altar of Uskayaw.
  4741 | D:4      | Noticed Duvessa
  4742 | D:4      | Noticed Dowan
  4763 | D:4      | Killed Duvessa
  4801 | D:4      | Killed Dowan
  4801 | D:4      | Reached XP level 8. HP: 12/65 MP: 8/8
  5307 | D:4      | Found a bloodstained altar of Trog.
  5373 | D:4      | Found an iron altar of Okawaru.
  5376 | D:4      | Became a worshipper of Warmaster Okawaru
  5394 | D:5      | Entered Level 5 of the Dungeon
  5662 | D:5      | Found a staircase to the Ecumenical Temple.
  6455 | D:5      | Noticed a yak
  6455 | D:5      | Noticed a yak
  6455 | D:5      | Noticed a yak
  6510 | D:4      | Killed a yak
  6858 | D:5      | Noticed a yak
  6876 | D:5      | Killed a yak
  6876 | D:5      | Reached * piety under Okawaru
  6912 | D:5      | Killed a yak
  6912 | D:5      | Reached XP level 9. HP: 22/74 MP: 9/9
  7792 | D:6      | Found a shadowy altar of Dithmenos.
  7850 | D:6      | Reached ** piety under Okawaru
  7884 | D:6      | Found a sacrificial altar of Ru.
  8094 | D:6      | HP: 2/75 [shadow imp/nerve-wracking pain (11)]
  8100 | D:6      | Found a glowing golden altar of the Shining One.
  8101 | D:6      | HP: 3/75 [centaur skeleton (1)]
  9688 | D:7      | Found an opulent altar of Gozag.
  9768 | D:7      | Found an opulent altar of Gozag.
 10373 | D:8      | Reached XP level 10. HP: 31/84 MP: 10/10
 10673 | D:8      | Noticed Psyche
 10697 | D:8      | Paralysed by something for 6 turns
 10711 | D:8      | Killed Psyche
 10711 | D:8      | Reached skill level 10 in Fighting
 10997 | D:8      | Reached skill level 10 in Long Blades
 11238 | D:8      | Found a stormy altar of Qazlal.
 11733 | D:9      | Found a sparkling altar of Nemelex Xobeh.
 11745 | D:9      | Reached *** piety under Okawaru
 12894 | D:9      | Found an ancient bone altar of Kikubaaqudgha.
 12894 | D:9      | Noticed a death knight
 12896 | D:9      | Found a basalt altar of Yredelemnul.
 12914 | D:9      | Found a transporter.
 12916 | D:9      | Found a transporter.
 13122 | D:9      | Identified a scroll of acquirement
 13159 | D:10     | Entered Level 10 of the Dungeon
 13184 | D:10     | Noticed a purple ugly thing
 13361 | D:9      | Slain by an orc warrior

Levels and vault maps discovered:
D:1:      tarquinn_simple_flora_water_f, layout_loops_ring,
          chequers_serial_rivers_room_b
D:2:      layout_rooms
D:3:      layout_loops_ring, grunt_temple_overflow_open,
          ebering_ghost_inner_flame, serial_bayou_crossing, uniq_robin,
          uniq_natasha
D:4:      layout_rooms, kennysheep_mini, kennysheep_mini_moat,
          marbit_many_paths, first_ration, minmay_misc_feat_roman, uniq_duvessa,
          uniq_menkaure
D:5:      layout_basic, minmay_temple_entry_junction
D:6:      layout_basic, nicolae_dithmenos_the_darkroom,
          nicolae_ru_path_of_blood, old_standard_altar, minivault_24
D:7:      layout_rooms, nicolae_overflow_hidden_temple,
          nicolae_gozag_cash_rules_everything_around_me, basic_altar
D:8:      layout_basic, nicolae_qazlal_eye_of_the_storm,
          hangedman_pestilent_swarm, uniq_psyche
D:9:      layout_loops_ring, gammafunk_temple_of_torment, basic_altar
D:10:     layout_roguey, due_lair_maze_entry_diamond, david_orc_4,
          ebering_ghost_funeral_grove

Skill      XL: |  1  2  3  4  5  6  7  8  9 10 |
---------------+-------------------------------+-----
Long Blades    | 3 4 5 6 7 9 10 | 10.9
Fighting       | 4 5 6 8 9 10 | 10.9
Armour         | |  3.0
Shields        | |  3.0

Action                   |  1- 3 |  4- 6 |  7- 9 | 10-12 || total
-------------------------+-------+-------+-------+-------++-------
Melee: Long sword        |    81 |   283 |   500 |   180 ||  1044
       Short sword       |       |       |       |    54 ||    54
Invok: Heroism           |       |       |     1 |     1 ||     2
Evoke: Wand              |       |       |     1 |       ||     1
  Use: Potion            |     1 |     1 |     3 |     2 ||     7
       Scroll            |     5 |     6 |     8 |     5 ||    24
  Eat: Chunk             |     1 |     9 |    18 |    10 ||    38
       Ration            |       |       |     1 |       ||     1
Armor: Scale mail        |    44 |   113 |   127 |       ||   284
       Chain mail        |       |       |    84 |   118 ||   202
Dodge: Dodged            |    25 |   108 |   101 |    34 ||   268
Block: Kite shield       |    59 |   216 |   264 |   106 ||   645
       Rpst.: Long sword |     9 |    27 |    26 |     9 ||    71

Table legend:
 A = Non-vault XP
 B = Vault XP
 C = Vault XP percentage of total XP
 D = Non-vault monster count
 E = Vault monster count
 F = Vault count percentage of total count
                 A         B        C        D         E       F
            +---------+---------+-------+---------+---------+-------
      Total |    4795 |    1749 |  26.7 |     191 |      26 |  12.0
            +---------+---------+-------+---------+---------+-------
        D:1 |      78 |       0 |   0.0 |      31 |       0 |   0.0
        D:2 |      66 |       2 |   2.9 |      20 |       1 |   4.8
        D:3 |     273 |      70 |  20.4 |      32 |      12 |  27.3
        D:4 |     433 |     412 |  48.8 |      15 |       4 |  21.1
        D:5 |    1216 |       0 |   0.0 |      20 |       0 |   0.0
        D:6 |     774 |       0 |   0.0 |      22 |       0 |   0.0
        D:7 |     382 |       0 |   0.0 |      13 |       0 |   0.0
        D:8 |     500 |     804 |  61.7 |      14 |       5 |  26.3
        D:9 |    1072 |      88 |   7.6 |      23 |       1 |   4.2
       D:10 |       1 |     373 |  99.7 |       1 |       3 |  75.0
            +---------+---------+-------+---------+---------+-------
